 Seeded DCSS version 0.30.1-11-g7821555f0a (webtiles) character file.

Game seed: 5 (custom seed)

154351 Kazon the Blocker (level 17, -4/106 HPs)
             Began as a Gargoyle Fighter on Nov 23, 2023.
             Was the Champion of the Shining One.
             Slain by an eight-headed hydra (9 damage)
             ... on level 2 of the Swamp on Nov 26, 2023.
             The game lasted 03:15:06 (23029 turns).

Kazon the Blocker (Gargoyle Fighter)               Turns: 23029, Time: 03:15:07

Health: -4/106     AC: 45    Str: 27    XL:     17   Next: 62%
Magic:  19/26      EV:  8    Int:  9    God:    the Shining One [******]
Gold:   2421       SH: 13    Dex: 13    Spells: 16/16 levels left

rFire   + . .        f - +0 scimitar (flame)
rCold   + . .        c - +0 kite shield {reflect}
rNeg    + + +        e - +15 Maxwell's patent armour {-Cast -Tele rElec Will+ rCorr}
rPois   ∞            U - +1 helmet
rElec   +            l - scarf {rC+ rF+}
rCorr   +            L - +1 pair of gloves {Str+3}
SInv    .            g - +0 pair of boots
Will    ++...        I - amulet of regeneration Stlth
                     S - +4 ring of slaying
HPRegen 1.17/turn    n - ring of the Tortoise {AC+8}
MPRegen 0.20/turn

%: no teleportation, no spellcasting, reflection
@: corroded, on berserk cooldown, flying, slowed, glowing, very slow
A: sickness immunity, AC +12, big wings, negative energy resistance 1,
electricity resistance, torment resistance 1, petrification resistance
a: Renounce Religion, Divine Shield, Cleansing Flame, Summon Divine Warrior


You were on level 2 of the Swamp.
You worshipped the Shining One.
The Shining One was exalted by your worship.
You visited 6 branches of the dungeon, and saw 27 of its levels.
You also visited: Ossuary, Gauntlet and Ice Cave.

You collected 3240 gold pieces.
You spent 819 gold pieces at shops.

Inventory:

Hand Weapons
 f - a +0 scimitar of flaming (weapon)
 h - the +10 zealot's sword {holy, Zealotry, *Rage rN+ EV+3}
   (You found it on level 3 of the Lair of Beasts)

   Zealotry:  Whenever the wielder enters a berserk rage, their allies are
   berserked alongside them.
   EV:        It affects your evasion (+3).
   rN:        It protects you from negative energy.
   *Rage:     It berserks you when you make melee attacks (+20% chance).
 q - a +7 sacred scourge of holy wrath
 w - the +2 sling "Qeuhanocyt" {speed, rElec Str-3 Dex+2}
   (You found it on level 3 of the Dungeon)

   Str:       It affects your strength (-3).
   Dex:       It affects your dexterity (+2).
   rElec:     It insulates you from electricity.
 x - a +2 broad axe of electrocution
Missiles
 j - 12 boomerangs
 r - 19 poisoned darts (quivered)
 y - 4 javelins
 K - 4 atropa-tipped darts
 P - 2 throwing nets
Armour
 c - a +0 kite shield of reflection (worn)
 e - the +15 Maxwell's patent armour (worn) {-Cast -Tele rElec Will+ rCorr}
   (You acquired it on level 1 of the Dungeon)

   rElec:     It insulates you from electricity.
   -Cast:     It prevents spellcasting.
   -Tele:     It prevents most forms of teleportation.
   rCorr:     It protects you from acid and corrosion.
   Will:      It increases your willpower.
 g - a +0 pair of boots (worn)
 l - a scarf of resistance (worn)
 L - a +1 pair of gloves of strength (worn)
 U - a +1 helmet (worn)
Jewellery
 n - the ring of the Tortoise (right hand) {AC+8}
   (You found it in an ice cave)

   [ring of protection]

   AC:        It affects your AC (+8).
 t - a ring of protection from cold
 F - a ring of protection from cold
 I - an amulet of regeneration (around neck)
 S - a +4 ring of slaying (left hand)
 X - a ring of protection from fire
Wands
 b - a wand of mindburst (9)
 p - a wand of digging (7)
 u - a wand of iceblast (4)
 v - a wand of polymorph (4)
 A - a wand of paralysis (30)
 M - a wand of light (14)
 T - a wand of flame (13)
Scrolls
 s - 2 scrolls of summoning
 z - 3 scrolls of fog
 G - 5 scrolls of enchant armour
 J - 5 scrolls of fear
 V - a scroll of magic mapping
 Y - a scroll of silence
Potions
 a - a potion of ambrosia
 d - 4 potions of might
 k - 14 potions of curing
 m - 4 potions of mutation
 o - 3 potions of berserk rage
 C - 3 potions of lignification
 H - a potion of haste
 N - 2 potions of cancellation
 O - 5 potions of heal wounds
 W - 4 potions of resistance
Miscellaneous
 B - a tin of tremorstones (2/2)
 D - a phantom mirror
 E - a lightning rod (4/4)
 Z - a phial of floods


   Skills:
 + Level 11.7 Fighting
 + Level 8.1 Long Blades
 + Level 11.4(12.5) Axes
 + Level 9.2(12.1) Maces & Flails
 + Level 5.2 Ranged Weapons
 + Level 7.3 Throwing
 + Level 11.7 Armour
 + Level 2.2 Dodging
 + Level 14.0 Shields
 * Level 13.1 Invocations
 + Level 10.0 Evocations


You had 16 spell levels left.
You didn't know any spells.
Your spell library contained the following spells:

 Spells                   Type           Power      Damage    Failure   Level
 Beastly Appendage        Tmut           0%         N/A       99%         1
 Sting                    Tmut/Pois      0%         1d3       99%         1
 Blink                    Tloc           0%         N/A       100%        2
 Ensorcelled Hibernation  Hex/Ice        0%         N/A       100%        2
 Lesser Beckoning         Tloc           0%         N/A       100%        2
 Passwall                 Tmut/Erth      0%         N/A       100%        2
 Static Discharge         Conj/Air       0%         2-2/arc   100%        2
 Wereblood                Tmut           0%         N/A       100%        2
 Frozen Ramparts          Ice            0%         1d1       100%        3
 Ignite Poison            Fire/Tmut/Pois 0%         N/A       100%        3
 Spider Form              Tmut/Pois      0%         N/A       100%        3
 Swiftness                Air            0%         N/A       100%        3
 Airstrike                Air            0%         2d(0-16)  100%        4
 Cause Fear               Hex            0%         N/A       100%        4
 Ice Form                 Ice/Tmut       0%         N/A       100%        4
 Leda's Liquefaction      Hex/Erth       0%         N/A       100%        4
 Sticky Flame             Conj/Fire      0%         2d3       100%        4
 Summon Ice Beast         Ice/Summ       0%         N/A       100%        4
 Summon Lightning Spire   Summ/Air       0%         N/A       100%        4
 Alistair's Intoxication  Tmut/Pois      0%         N/A       100%        5
 Blade Hands              Tmut           0%         N/A       100%        5
 Borgnjor's Vile Clutch   Necr/Erth      0%         N/A       100%        5
 Lee's Rapid Deconstruct  Erth           0%         3d4*      100%        5
 Summon Forest            Summ/Tloc      0%         N/A       100%        5
 Conjure Ball Lightning   Conj/Air       0%         3x3d6     100%        6
 Eringya's Noxious Bog    Tmut/Pois      0%         N/A       100%        6
 Enfeeble                 Hex            0%         N/A       100%        7
 Malign Gateway           Summ/Tloc      0%         N/A       100%        7
 Summon Hydra             Summ           0%         N/A       100%        7
 Discord                  Hex            0%         N/A       100%        8
 Disjunction              Tloc           0%         N/A       100%        8
 Ignition                 Fire           0%         3d3       100%        8
 Statue Form              Tmut/Erth      Unusable   N/A       N/A         6

Dungeon Overview and Level Annotations

Branches:
Dungeon (15/15)            Temple (1/1) D:4            Lair (5/5) D:8
  Swamp (2/4) Lair:3        Snake (2/4) Lair:3        Slime (0/5) Lair:5
    Orc (2/2) D:11            Elf (0/3) Orc:2        Vaults (0/5) D:13
 Depths (0/4) D:15        Ossuary (visited)           IceCv (visited)
Gauntlet (visited)

Altars:
Ashenzari
Dithmenos
Fedhas
Hepliaklqana
Qazlal
Sif Muna
Trog
Uskayaw
Wu Jian
Xom
Zin
The Shining One

Shops:
D:8 *   Orc:2 [(**   Snake:1 (![

Annotations:
D:15 2 transporters, Yamstis's ghost, adept GnMo
Swamp:2 2 transporters, exclusion: orange crystal statue


Innate Abilities, Weirdness & Mutations

You are immune to sickness and miasma.
Your stone body is resilient. (AC +12)
You are immune to poison.
Your large and strong wings let you fly.
You resist negative energy. (rN+)
You are resistant to electric shocks. (rElec)
You are resistant to unholy torment.
You are immune to petrification.


Message History

* * * LOW HITPOINT WARNING * * *
The eight-headed hydra bites you but does no damage. x6
You block the eight-headed hydra's attack.
The eight-headed hydra barely misses you.
The alligator bites you but does no damage.
The alligator tail-slaps you but does no damage.
The bunyip claws you!
* * * LOW HITPOINT WARNING * * *
The bunyip barely misses you. You block the bunyip's attack.
You swap places.
Your daeva hits the alligator with a +3 scimitar of holy wrath!!
Your daeva hits the alligator with a +3 scimitar of holy wrath!
The goliath frog hits you but does no damage.
Your daeva hits the eight-headed hydra with a +3 scimitar of holy wrath!!
Your daeva hits the eight-headed hydra with a +3 scimitar of holy wrath!
Your daeva chops one of the eight-headed hydra's heads off!
The seven-headed hydra grows two more!
You block the alligator's attack. x2
You lop one of the nine-headed hydra's heads off!
The flame cauterises the wound!
You hit the eight-headed hydra. You burn the eight-headed hydra.
The eight-headed hydra is severely wounded.
The goliath frog barely misses you. The eight-headed hydra bites you!
* * * LOW HITPOINT WARNING * * *
The eight-headed hydra closely misses you.
The eight-headed hydra bites you.
* * * LOW HITPOINT WARNING * * *
You block the eight-headed hydra's attack. x2
The eight-headed hydra bites you but does no damage.
The eight-headed hydra bites you!
* * * LOW HITPOINT WARNING * * *
The eight-headed hydra bites you but does no damage.
The alligator puts on a burst of speed!
Your daeva calls down the wrath of the Shining One upon the alligator.
The alligator is smitten.
The goliath frog hits you but does no damage.
The swamp dragon barely misses your daeva.
Your daeva blocks the swamp dragon's attack.
The swamp dragon tramples your daeva.
Your daeva is shoved backwards!
The eight-headed hydra bites you!
You die...

♣..~♣♣ ♣♣♣~~.~~~~~~§~.~~...♣♣♣♣
.~^.~♣♣♣♣♣..♣♣..~~~~~§~~~~§.†....
~.~.~.~♣~.÷..♣♣♣♣.§~~~~~..~~..~~~
♣~..~~....[~~~.~~.~~~~~~..♣..♣.~~
♣♣♣...~~~~~~~~~.†..~.~~..~..~.~.~
.†..©.....~~~~~~.....§.~♣♣♣.~....
#########..~~~~§~~§~>..♣#.....~.~
#8"|©fn8##.~~§~~~tF~~...##......~
..$[$fffX#.~~~~~@D.......[.......
.##..f##k#.~...§.D§~~~./##.###..~
.##...##.#.~.~.~A.x~~~..#### #..~
ff..8....#......~~~~~~..... #..x
f##...##.#.~....~~~~§....... #...
.##.©.##.#.♣♣~.~~~~~...~~~..##.##
.f.......# ♣.§~.~....~~~~..#####
#8.....8## .$~~~..♣~.~..♣.....°#
#########. ...~..~♣....~♣~~x....#


You could see a bunyip, an alligator (swift, distracted), an eight-headed hydra,
a swamp dragon (ally target), a goliath frog and a friendly daeva (summoned).

Vanquished Creatures
  Nikola (Snake:1)
  Rupert (D:12)
  Frances (Swamp:1)
  A thorn hunter (Swamp:1)
  Kirke (Swamp:1)
  Donald (Snake:1)
  A fenstrider witch (Swamp:2)
  The ghost of senjinn the Peltast, a journeyman FoFi of Gozag (D:14)
  3 eleionomae (Swamp:2)
  A white draconian (IceCv)
  2 bunyips (Swamp:2)
  A minotaur (Gauntlet)
  Snorg (D:10)
  Josephine (Orc:1)
  2 great orbs of eyes (Gauntlet)
  A shambling mangrove (Swamp:2)
  A ghost crab (Swamp:2)
  A rakshasa (D:14)
  10 hydras
  4 vault guards (D:13)
  4 ogre magi
  4 centaur warriors
  2 death knights
  13 two-headed ogres
  4 anacondas
  2 death yaks (Lair:2)
  5 naga warriors
  A dancing weapon (D:14)
  5 boulder beetles
  3 tengu warriors
  2 alligators
  4 naga sharpshooters
  4 shock serpents
  4 skeletal warriors
  A skyshark (Lair:4)
  2 salamander mystics (Snake:2)
  2 swamp dragons
  3 goliath frogs
  A bog body (Swamp:2)
  A deep troll (shapeshifter) (D:14)
  3 spriggan druids (Swamp:1)
  A wizard (D:15)
  2 naga ritualists
  A necromancer (D:15)
  A phantasmal warrior (D:15)
  5 deep elf pyromancers
  2 orc knights
  8 mana vipers
  2 orc sorcerers
  15 ugly things
  5 salamanders
  4 manticores
  5 cyclopes
  12 elephants
  A will-o-the-wisp (Swamp:1)
  Maurice (D:9)
  15 black mambas
  2 guardian serpents
  13 cane toads
  5 naga magi
  4 gargoyles
  2 centaur skeletons (D:15)
  An efreet (D:13)
  An unseen horror (D:10)
  9 komodo dragons
  4 rime drakes (IceCv)
  A freezing wraith (D:14)
  2 tengu conjurers
  4 trolls
  A harpy zombie (D:15)
  2 meliai (shapeshifter)
  6 polar bears
  4 tyrant leeches
  6 meliai
  A dream sheep (Lair:5)
  7 hornets
  4 blink frogs (Lair:1)
  A slime creature (D:12)
  4 shadows
  5 spriggans
  Sigmund (D:4)
  4 vampires
  A water elemental (D:12)
  6 wraiths
  7 wyverns
  A yak (shapeshifter) (D:13)
  A hog (shapeshifter) (D:12)
  5 hogs (Swamp:1)
  27 yaks
  7 basilisks
  3 steam dragons
  A basilisk (shapeshifter) (D:14)
  9 nagas
  4 vampire mosquitoes
  2 wargs
  6 swamp worms
  An acid dragon (D:13)
  Duvessa (D:6)
  17 water moccasins
  A swamp drake (Swamp:2)
  An ice beast (D:8)
  An ice beast (shapeshifter) (D:15)
  9 orc warriors
  A sky beast (D:7)
  7 black bears
  7 boggarts
  28 ogres
  40 wolves
  A phantom (D:10)
  8 centaurs
  An elf zombie (Ossuary)
  2 kobold brigands
  12 bullfrogs
  A gnoll sergeant (D:8)
  3 scorpions
  23 wights
  12 killer bees
  Dowan (D:6)
  4 lindwurm simulacra (IceCv)
  5 howler monkeys
  A vampire bat (D:7)
  2 electric eels
  3 komodo dragon simulacra (IceCv)
  6 hounds
  A wyvern simulacrum (D:8)
  2 centaur zombies
  17 orc priests
  3 human zombies (Ossuary)
  A jelly (D:5)
  6 iguanas
  20 orc wizards
  6 ogre zombies
  A centaur simulacrum (D:8)
  7 mummies (Ossuary)
  15 gnolls
  5 acid dragon simulacra (IceCv)
  9 adders
  A shadow imp (D:8)
  13 white imps
  2 ufetubi
  9 steam dragon simulacra (IceCv)
  A worm zombie (D:7)
  2 adder zombies (Ossuary)
  3 worms
  55 orcs
  12 bats
  9 endoplasms
  A giant cockroach (D:1)
  12 goblins
  7 hobgoblins
  11 jackals
  15 kobolds
  3 quokkas (D:4)
  6 ball pythons
  3 frilled lizards
  A goblin skeleton (D:11)
  5 goblin zombies
  A hobgoblin skeleton (D:11)
  10 hobgoblin zombies
  3 kobold zombies
  7 orc zombies (D:11)
  4 quokka zombies (Ossuary)
  4 rats
  4 rat zombies (Ossuary)
856 creatures vanquished.

Vanquished Creatures (collateral kills)
  A hydra (Swamp:2)
  A naga warrior (Snake:1)
  A death yak (Lair:2)
  Amaemon (Lair:2)
  3 salamanders (Snake:1)
  6 black mambas (Snake:1)
  A cane toad (Lair:5)
  An orange demon (Lair:2)
  A komodo dragon (Lair:5)
  2 polar bears (Lair:5)
  A blink frog (Lair:5)
  3 hornets (Lair:5)
  9 spriggans (Lair:5)
  A wyvern (Lair:5)
  4 nagas (Snake:1)
  A water moccasin (Lair:5)
  A boggart (Lair:5)
  6 wolves (Lair:5)
  An electric eel (Lair:2)
45 creatures vanquished.

Vanquished Creatures (others)
  A centaur warrior (D:12)
  A mana viper (Snake:1)
  An orc priest (Orc:2)
  An orc (Orc:2)
  2 foxfires (Swamp:1)
6 creatures vanquished.

Grand Total: 907 creatures vanquished

Notes
Turn   | Place    | Note
-------+----------+-------------------------------------------
     0 | D:1      | Kazon the Gargoyle Fighter began the quest for the Orb.
     0 | D:1      | Reached XP level 1. HP: 14/14 MP: 1/1
    51 | D:1      | Identified a scroll of acquirement
    51 | D:1      | Acquired the +15 Maxwell's patent armour {-Cast -Tele rElec
                  | Will+ rCorr}
    51 | D:1      | Found the +15 Maxwell's patent armour {-Cast -Tele rElec
                  | Will+ rCorr}
    80 | D:1      | Reached XP level 2. HP: 16/19 MP: 2/2
   381 | D:1      | Reached XP level 3. HP: 23/23 MP: 3/3
  1081 | D:2      | Reached XP level 4. HP: 28/28 MP: 4/4
  1110 | D:2      | Reached skill level 4 in Shields
  1839 | D:3      | Found a blossoming altar of Fedhas.
  1861 | D:3      | Reached XP level 5. HP: 31/33 MP: 5/5
  1966 | D:3      | Identified the +2 sling "Qeuhanocyt" {speed, rElec Str-3
                  | Dex+2}
  2004 | D:3      | Found a stormy altar of Qazlal.
  2226 | D:3      | Found a faded altar of an unknown god.
  2270 | D:4      | Found a staircase to the Ecumenical Temple.
  2278 | Temple   | Entered the Ecumenical Temple
  2285 | Temple   | Became a worshipper of the Shining One
  2405 | D:4      | Noticed a black bear
  2432 | D:4      | Killed a black bear
  2433 | D:4      | Reached skill level 1 in Long Blades
  2433 | D:4      | Reached XP level 6. HP: 38/38 MP: 6/6
  2455 | D:4      | Found a hazy altar of Hepliaklqana.
  2459 | D:4      | Found a shadowy altar of Dithmenos.
  2459 | D:4      | Noticed a shadow
  2537 | D:4      | Noticed Sigmund
  2546 | D:4      | Killed Sigmund
  2547 | D:4      | Reached skill level 5 in Shields
  2547 | D:4      | Reached skill level 1 in Invocations
  2618 | D:4      | Reached skill level 1 in Evocations
  2618 | D:4      | Reached XP level 7. HP: 42/42 MP: 8/8
  3120 | D:5      | Entered Level 5 of the Dungeon
  3176 | D:5      | Reached skill level 1 in Axes
  3176 | D:5      | Reached skill level 1 in Ranged Weapons
  3342 | D:5      | Reached XP level 8. HP: 44/48 MP: 10/10
  3598 | D:6      | Noticed Dowan
  3605 | D:6      | Noticed Duvessa
  3634 | D:6      | Killed Dowan
  3649 | D:6      | Killed Duvessa
  3721 | D:6      | Reached skill level 6 in Shields
  3779 | D:6      | Found a shimmering altar of Xom.
  3857 | D:6      | Reached * piety under the Shining One
  4130 | D:7      | Reached XP level 9. HP: 49/52 MP: 11/11
  4143 | D:7      | Reached skill level 5 in Armour
  4179 | D:7      | Reached skill level 1 in Throwing
  4262 | D:7      | Found a sand-covered staircase.
  4283 | Ossuary  | Entered an ossuary
  4302 | Ossuary  | Reached ** piety under the Shining One
  4454 | Ossuary  | Reached *** piety under the Shining One
  4620 | Ossuary  | Reached **** piety under the Shining One
  4833 | D:7      | Reached skill level 5 in Axes
  4885 | D:7      | Reached skill level 7 in Shields
  4987 | D:7      | Reached skill level 5 in Fighting
  4987 | D:7      | Reached skill level 5 in Invocations
  5017 | D:7      | Noticed a two-headed ogre
  5032 | D:7      | Killed a two-headed ogre
  5033 | D:7      | Reached skill level 1 in Dodging
  5033 | D:7      | Reached XP level 10. HP: 4/59 MP: 2/14
  5403 | D:8      | Reached ***** piety under the Shining One
  5628 | D:8      | Reached skill level 8 in Shields
  5628 | D:8      | Found a staircase to the Lair.
  5658 | D:8      | Reached skill level 5 in Evocations
  5737 | D:8      | Found Izo Qiri's Assorted Antiques.
  5746 | D:8      | Bought a scroll labelled JIYFIZX FOFUA for 29 gold pieces
  5746 | D:8      | Bought a sedimented brown potion for 26 gold pieces
  5746 | D:8      | Bought a curved iron wand for 116 gold pieces
  6339 | D:8      | Reached XP level 11. HP: 64/64 MP: 15/15
  6443 | D:8      | Reached skill level 9 in Shields
  6930 | D:9      | Noticed Maurice
  6948 | D:9      | Killed Maurice
  7647 | D:10     | Entered Level 10 of the Dungeon
  8169 | Lair:1   | Entered Level 1 of the Lair of Beasts
  8309 | Lair:1   | Reached skill level 10 in Shields
  8588 | Lair:1   | Reached XP level 12. HP: 61/70 MP: 17/17
  8656 | Lair:1   | Reached ****** piety under the Shining One
  8887 | Lair:2   | Noticed Amaemon
  8900 | Lair:2   | Killed Amaemon
  8915 | Lair:2   | Noticed a death yak
  8915 | Lair:2   | Noticed a death yak
  8916 | Lair:2   | Noticed a death yak
  8920 | Lair:2   | Killed a death yak
  8941 | Lair:2   | Killed a death yak
  8969 | Lair:2   | Killed a death yak
  9209 | Lair:2   | Reached skill level 11 in Shields
  9256 | Lair:2   | Found an ornate altar of the Wu Jian Council.
  9460 | Lair:2   | Noticed a five-headed hydra
  9470 | Lair:2   | Killed a one-headed hydra
  9488 | Lair:2   | Identified a +3 sacred scourge of holy wrath (a +1 demon
                  | whip of venom blessed by the Shining One)
  9488 | Lair:2   | Received a gift from the Shining One
 10076 | Lair:3   | Found a staircase to the Swamp.
 10089 | Lair:3   | Found the +10 zealot's sword {holy, Zealotry, *Rage rN+
                  | EV+3}
 10105 | Lair:3   | Reached XP level 13. HP: 76/76 MP: 19/19
 10243 | Lair:3   | Found a staircase to the Snake Pit.
 10939 | Lair:4   | Reached skill level 5 in Maces & Flails
 11659 | Lair:5   | Entered Level 5 of the Lair of Beasts
 11712 | Lair:5   | Reached skill level 12 in Shields
 11739 | Lair:5   | HP: 2/76 [hornet (4)]
 11959 | Lair:5   | Reached skill level 5 in Long Blades
 12029 | Lair:5   | Gained mutation: Your large and strong wings let you fly.
                  | [Gargoyle growth]
 12029 | Lair:5   | Reached XP level 14. HP: 39/83 MP: 18/21
 12087 | Lair:5   | Found a staircase to the Slime Pits.
 12922 | D:10     | Noticed Snorg
 12935 | D:10     | Killed Snorg
 12951 | D:10     | Found a shimmering blue altar of Sif Muna.
 13308 | D:12     | Reached skill level 10 in Invocations
 13332 | D:12     | Found a frozen archway.
 13375 | IceCv    | Entered an ice cave
 13437 | IceCv    | Found the ring of the Tortoise {AC+8}
 13578 | IceCv    | Noticed a white draconian
 13599 | IceCv    | Killed a white draconian
 13637 | IceCv    | Identified the ring of Omumul {*Corrode rC+ Int+5 Dex+2
                  | Stlth+}
 13834 | D:12     | Reached skill level 13 in Shields
 13986 | D:12     | You are sucked into a shaft and drop 3 floors!
 13986 | D:15     | Entered Level 15 of the Dungeon
 14022 | D:15     | Found a gate leading to a gauntlet.
 14072 | Gauntlet | Entered a Gauntlet
 14072 | Gauntlet | Found a transporter.
 14072 | Gauntlet | Found a transporter.
 14072 | Gauntlet | Found a large runed translucent door.
 14072 | Gauntlet | Found a large runed translucent door.
 14072 | Gauntlet | Found a large runed translucent door.
 14072 | Gauntlet | Found a large runed translucent door.
 14072 | Gauntlet | Found a large runed translucent door.
 14072 | Gauntlet | Found a large runed translucent door.
 14072 | Gauntlet | Found a runed translucent door.
 14072 | Gauntlet | Found a runed translucent door.
 14072 | Gauntlet | Found a large runed translucent door.
 14072 | Gauntlet | Found a large runed translucent door.
 14072 | Gauntlet | Found a large runed translucent door.
 14072 | Gauntlet | Found a large runed translucent door.
 14072 | Gauntlet | Found a large runed translucent door.
 14072 | Gauntlet | Found a large runed translucent door.
 14073 | Gauntlet | Found a large runed translucent door.
 14073 | Gauntlet | Found a large runed translucent door.
 14073 | Gauntlet | Found a large runed translucent door.
 14073 | Gauntlet | Found a large runed translucent door.
 14076 | Gauntlet | Found a transporter.
 14081 | Gauntlet | Found a runed translucent gate.
 14081 | Gauntlet | Found a runed translucent gate.
 14081 | Gauntlet | Found a runed translucent gate.
 14083 | Gauntlet | Found a transporter.
 14103 | Gauntlet | Found a transporter.
 14103 | Gauntlet | Noticed a dire elephant
 14104 | Gauntlet | Found a transporter.
 14104 | Gauntlet | Found a transporter.
 14105 | Gauntlet | Found the +2 cloak of the Thief {*Fog Slay-2 SInv Stlth+}
 14110 | Gauntlet | Found a transporter.
 14139 | Gauntlet | Found a transporter.
 14142 | Gauntlet | Found a transporter.
 14158 | Gauntlet | Found a transporter.
 14195 | Gauntlet | Found a transporter.
 14251 | Gauntlet | Found a transporter.
 14265 | Gauntlet | Found a transporter.
 14365 | Gauntlet | Found a transporter.
 14368 | Gauntlet | Noticed a quicksilver ooze
 14384 | Gauntlet | Found a transporter.
 14512 | Gauntlet | Identified the ring of Miuwe {rPois Will+}
 14548 | Gauntlet | Identified the ring of Tunerch {rElec rCorr Int+6}
 14594 | Gauntlet | Identified the +0 pair of boots "Duocaba" {Contam rPois
                  | Int+7 Dex-3}
 14632 | Gauntlet | Identified the +1 scale mail "Duedacir" {+Blink +Inv rN+++
                  | Str-5}
 14632 | Gauntlet | Identified the +0 kite shield of Lethargy {rF+}
 14660 | Gauntlet | Identified the +1 pair of boots of Whack-A-Mole {Harm}
 14661 | Gauntlet | Got the Elucidation of the Goat
 14664 | Gauntlet | Got the Volume of Interference
 14802 | D:15     | Found a broken altar of Ashenzari.
 14830 | D:15     | Found a transporter.
 14831 | D:15     | Found a transporter.
 15107 | D:12     | Noticed Rupert
 15115 | D:12     | Paralysed by Rupert for 5 turns
 15122 | D:12     | Killed Rupert
 15123 | D:12     | Reached XP level 15. HP: 78/89 MP: 13/23
 15541 | D:12     | Reached skill level 10 in Evocations
 15918 | D:11     | Found a staircase to the Orcish Mines.
 16221 | Orc:1    | Entered Level 1 of the Orcish Mines
 16481 | Orc:2    | Entered Level 2 of the Orcish Mines
 16481 | Orc:2    | Noticed Josephine
 16631 | Orc:1    | Killed Josephine
 16632 | Orc:1    | Reached skill level 10 in Axes
 17078 | Orc:2    | Found Fiots's General Store.
 17078 | Orc:2    | Found Jigu's Antique Armour Emporium.
 17107 | Orc:2    | Found Lifoc's Assorted Antiques.
 17107 | Orc:2    | Found Itoejit's Antique Weapon Shop.
 17131 | Orc:2    | Bought a potion of curing for 45 gold pieces
 17131 | Orc:2    | Bought a scroll of enchant weapon for 112 gold pieces
 17131 | Orc:2    | Bought a scroll of enchant weapon for 112 gold pieces
 17132 | Orc:2    | Bought a pair of glowing gloves for 187 gold pieces
 17169 | Orc:2    | Found a staircase to the Elven Halls.
 17595 | Snake:1  | Entered Level 1 of the Snake Pit
 17611 | Snake:1  | Identified the ring of Enowk {Ice Int+5}
 17747 | Snake:1  | Reached skill level 5 in Throwing
 17813 | Snake:1  | Found Ygoulout's Armour Shoppe.
 17815 | Snake:1  | Found Cymmoo's Distillery.
 17817 | Snake:1  | Found Suyxaint's Antique Weapon Shoppe.
 17825 | Snake:1  | Bought an ancient falchion for 192 gold pieces
 17825 | Snake:1  | Identified the +4 falchion "Giantbane" {drain, rElec} (You
                  | bought it in a shop on level 1 of the Snake Pit)
 17931 | Snake:1  | Found a glowing silver altar of Zin.
 17988 | Snake:1  | Noticed Donald
 18004 | Snake:1  | Killed Donald
 18200 | Snake:1  | Noticed Nikola
 18218 | Snake:1  | Killed Nikola
 18240 | Snake:1  | Reached skill level 10 in Armour
 18240 | Snake:1  | Reached XP level 16. HP: 48/97 MP: 9/24
 18298 | Snake:1  | Reached skill level 10 in Fighting
 19290 | D:13     | Got the Verses on Mutagenic Frost
 19632 | D:13     | Identified the +1 robe of the Marlin {-Tele rN+ Dex+3}
 19810 | D:13     | Found a gate to the Vaults.
 19889 | D:14     | Found a runed translucent door.
 19890 | D:14     | Found a shimmering altar of Xom.
 19890 | D:14     | Noticed senjinn's ghost (journeyman FoFi)
 20294 | D:14     | Found a hide-covered altar of Uskayaw.
 20644 | D:14     | Killed senjinn's ghost
 20826 | D:15     | Noticed Yamstis's ghost (adept GnMo)
 20922 | D:15     | Reached XP level 17. HP: 73/104 MP: 26/26
 21492 | D:15     | Found a staircase to the Depths.
 21883 | Swamp:1  | Entered Level 1 of the Swamp
 22094 | Swamp:1  | Noticed Frances
 22110 | Swamp:1  | Killed Frances
 22443 | Swamp:1  | Reached skill level 5 in Ranged Weapons
 22503 | Swamp:1  | Noticed Kirke
 22507 | Swamp:1  | Noticed a sphinx
 22517 | Swamp:1  | Killed Kirke
 22717 | Swamp:2  | Found a transporter.
 22729 | Swamp:2  | Noticed a tentacled monstrosity
 22733 | Swamp:2  | Found a transporter.
 22995 | Swamp:2  | Reached skill level 14 in Shields
 23029 | Swamp:2  | HP: 5/106 [eight-headed hydra (7)]
 23029 | Swamp:2  | Slain by an eight-headed hydra

Illustrated notes

Levels and vault maps discovered:
D:1:      ebering_trefoil_3fold, layout_basic, st_stairs_14, serial_bayou_ford_a
D:2:      layout_basic, hangedman_decor_growths, minmay_close_crescents
D:3:      layout_rooms, mainiacjoe_overflow_concentric_impassable,
          mainiacjoe_overflow_paths, shapermc_ecumenical_altar_acropolis,
          chequers_serial_rivers_micro_b
D:4:      layout_basic, riverfiend_overflow_shadow_ancestor,
          minmay_temple_entry_glass, uniq_sigmund
D:5:      layout_gridville
D:6:      layout_basic, xom_teletrap_fun, uniq_duvessa
D:7:      layout_loops_ring, enter_ossuary_3, roderic_batcave
D:8:      layout_layer_cave, minmay_lair_entry_grove, serial_shops,
          nicolae_lakefront_shop, serial_ice, serial_ice_o, serial_ice_d,
          serial_ice_k, serial_ice_a
D:9:      layout_loops_ring, nicolae_wwwww, uniq_maurice
D:10:     layout_irregular_city, led_sif_pool, uniq_snorg
D:11:     layout_basic, zombieorc2_lemuel, chequers_garden
D:12:     layout_basic, portal_ice_cave_entry_imps,
          chequers_serial_rivers_micro_e, minivault_28, uniq_rupert
D:13:     layout_basic, lightli_vaults_fourway_checkpoint, serial_corexii_hall,
          chequers_hall_statues_wall_a, chequers_hall_statues_wall_a
D:14:     layout_irregular_city, nicolae_uskayaw_dance_hall, ebering_ghost_xom,
          grunt_ministairs_12
D:15:     grunt_enter_depths_magical_seal, layout_basic, gauntlet_entry_generic,
          ashenzari_conservatory_becter, gammafunk_ghost_smash
Temple:   nicolae_temple_elliptical
Lair:1:   layout_big_grid, serial_bayou_pond_a
Lair:2:   layout_gridlike, basic_altar, uniq_amaemon
Lair:3:   layout_small_grid, swamp_mist, minmay_snake_entry_six_corridors,
          worms_lemuel, serial_bayou_shore_a
Lair:4:   layout_gridlike, nzn_random_ring, infiniplex_staircase_pool_2
Lair:5:   minmay_lair_end_enchanted_forest, layout_misc_corridors,
          dpeg_slime_entry_enclosed
Swamp:1:  layout_basic_swamp, evilmike_swamp_ruin_wall, swamp_pool2,
          nicolae_swamp_very_dense_foliage, infiniplex_staircase_pool,
          uniq_kirke, uniq_frances
Swamp:2:  gammafunk_sealed_arena, layout_basic_swamp, hangedman_swamp_ruin_wall
Snake:1:  layout_grid_maze, basic_altar, nicolae_snake_guarding_the_ruins,
          minmay_shop_star, uniq_donald, uniq_nikola
Snake:2:  layout_honeycomb
Orc:1:    layout_caves, serial_shops, nicolae_orc_sculptors_studio
Orc:2:    st_orc_ogre_mass, layout_caves, basic_altar, nicolae_orc_tapped_out,
          uniq_josephine

Skill      XL: |  1  2  3  4  5  6  7  8  9 10 11 12 13 14 15 16 17 |
---------------+----------------------------------------------------+-----
Shields        | 4 5 6 7 8 10 11 12 13 14 | 14.0
Maces & Flails | 3 4 5 7 8 9 |  9.2
Armour         | 4 5 6 7 8 10 11 | 11.7
Long Blades    | 1 2 3 5 6 7 8 |  8.1
Invocations    | 1 2 3 5 6 7 8 9 10 11 12 13 | 13.1
Evocations     | 1 2 3 4 5 6 7 8 9 10 | 10.0
Fighting       | 4 5 6 7 8 9 11 | 11.7
Axes           | 1 3 5 6 8 9 10 11 | 11.4
Ranged Weapons | 1 2 3 4 5 |  5.2
Throwing       | 1 2 3 5 6 7 |  7.3
Dodging        | 1 2 |  2.2

Action                     |  1- 3 |  4- 6 |  7- 9 | 10-12 | 13-15 | 16-18 || total
---------------------------+-------+-------+-------+-------+-------+-------++-------
  Melee: Flail             |   175 |   161 |       |       |       |       ||   336
         Hand axe          |       |    21 |   612 |  1004 |    79 |       ||  1716
         Sacred scourge    |       |       |       |    82 |   558 |   173 ||   813
         Eudemon blade     |       |       |       |       |   302 |   156 ||   458
         Broad axe         |       |       |       |       |   170 |   188 ||   358
         Scimitar          |       |       |       |       |       |    76 ||    76
   Fire: Sling             |       |     8 |    37 |    12 |    77 |   120 ||   254
  Throw: Stone             |       |     7 |    31 |    38 |    56 |       ||   132
         Dart              |       |       |    11 |    28 |    55 |    49 ||   143
         Boomerang         |       |       |       |    21 |    88 |    58 ||   167
         Javelin           |       |       |       |       |    12 |       ||    12
 Invoke: Summon Divine War |       |       |       |     1 |     2 |     1 ||     4
         Brand Weapon With |       |       |       |     1 |       |       ||     1
  Evoke: Wand              |       |       |       |     1 |    22 |    15 ||    38
         Tin of tremorston |       |       |       |       |       |     2 ||     2
    Use: Scroll            |     2 |       |       |     1 |    21 |     7 ||    31
         Potion            |       |       |       |       |     1 |       ||     1
 Armour: Scale mail        |    22 |       |       |       |       |       ||    22
         Plate armour      |   112 |   125 |   357 |   714 |   959 |   565 ||  2832
  Dodge: Dodged            |    42 |    25 |    47 |   174 |   330 |   195 ||   813
  Block: Buckler           |    13 |       |       |       |       |       ||    13
         Tower shield      |    76 |   144 |   503 |  1001 |   825 |       ||  2549
         Kite shield       |       |       |       |       |   204 |   392 ||   596
         Reflection        |       |       |       |       |       |    39 ||    39
